 Dungeon Crawl Stone Soup version 0.13-a0-2676-gd993d8a (console) character file.

1115 Illaniel the Ducker (level 7, 0/45 HPs)
             Began as a High Elf Skald on Aug 12, 2013.
             Slain by a lemure (3 damage)
             ... on Level 1 of the Abyss.
             The game lasted 00:20:53 (4622 turns).

Illaniel the Ducker (High Elf Skald)                Turns: 4622, Time: 00:20:54

HP   0/45        AC  8     Str 11      XL: 7   Next: 82%
MP  12/20        EV 10     Int 17      God:
Gold 203         SH  0     Dex 16      Spells:  4 memorised,  6 levels left

Res.Fire  : . . .   See Invis. : .   a - +0,-1 falchion
Res.Cold  : . . .   Warding    : .   o - +0 elf ring mail
Life Prot.: . . .   Conserve   : +   (no shield)
Res.Poison: .       Res.Corr.  : .   (no helmet)
Res.Elec. : .       Clarity    : .   B - +1 dwarf cloak
Sust.Abil.: . .     Spirit.Shd : .   (no gloves)
Res.Mut.  : .       Stasis     : .   (no boots)
Res.Rott. : .       Flight     : .   u - amulet of conservation
Saprovore : . . .                    (no ring)
                                     (no ring)

@: very slightly contaminated, slightly resistant to hostile enchantments, very
unstealthy
A: no striking features
a: no special abilities


You were on level 1 of the Abyss.
You were hungry.

You visited 1 branch of the dungeon, and saw 4 of its levels.
You visited the Abyss 1 time.

You collected 183 gold pieces.

Inventory:

Hand weapons
 a - a +0,-1 falchion (weapon)
 s - a +1,+2 sling
 y - a +0,-1 elven short sword
Missiles
 n - 10 stones (quivered)
 E - 13 poisoned needles
Armour
 o - a +0 elven ring mail (worn)
 B - a +1 dwarven cloak (worn)
Magical devices
 C - a wand of fire (2)
 H - a wand of draining (6) {unknown}
Comestibles
 d - 5 bread rations
 v - 2 meat rations
 I - an apple
Scrolls
 e - a scroll of teleportation {unknown}
 f - 2 scrolls of amnesia {unknown}
 h - 4 scrolls of remove curse {unknown}
 i - 3 scrolls of identify
 j - a scroll of magic mapping {unknown}
 k - a scroll of blinking {unknown}
 l - 2 scrolls of fear
 r - 3 scrolls of random uselessness {unknown}
 t - a scroll of fog {unknown}
 w - a scroll of enchant weapon II {unknown}
 D - a scroll of recharging {unknown}
 K - a scroll of enchant armour {unknown}
Jewellery
 u - an amulet of conservation (around neck)
Potions
 b - a potion of agility
 g - a potion of resistance {unknown}
 m - a potion of speed {unknown}
 p - a potion of restore abilities
 q - 2 potions of brilliance {unknown}
 x - 2 potions of curing
 z - a potion of poison {unknown}
 A - a potion of flight {unknown}
 F - a potion of beneficial mutation {unknown}
 G - a potion of slowing {unknown}
 J - a potion of magic {unknown}
Books
 c - a book of Battle

   Spells                             Type                      Level
   *Infusion                          Charms                       1
   *Shroud of Golubria                Charms/Translocation         2
   *Song of Slaying                   Charms                       2
   *Spectral Weapon                   Hexes/Charms                 3
   Regeneration                       Charms/Necromancy            3
   Song of Shielding                  Charms                       4


   Skills:
 * Level 4.4 Fighting
 - Level 2.4 Short Blades
 * Level 4.6 Long Blades
 * Level 3.9 Armour
 * Level 4.6 Dodging
 + Level 4.3 Spellcasting
 - Level 4.0 Charms


You had 6 spell levels left.
You knew the following spells:

 Your Spells              Type           Power        Failure   Level  Hunger
a - Infusion              Chrm           ###...       2%          1    None
b - Song of Slaying       Chrm           ###.......   4%          2    ##.....
c - Spectral Weapon       Hex/Chrm       ##......     21%         3    ###....
h - Shroud of Golubria    Chrm/Tloc      ##........   12%         2    ##.....


Dungeon Overview and Level Annotations

Branches:
Dungeon (4/27)
 Temple: D:4-7

Altars:
Jiyva

Annotations
D:4 Sigmund


Message History

* * * LOW HITPOINT WARNING * * *
The hellwing closely misses your spectral weapon.
The hellwing hits your spectral weapon.
Your spectral weapon shares its damage with you!
* * * LOW HITPOINT WARNING * * *
The lemure hits you.
* * * LOW HITPOINT WARNING * * *
The lemure hits you but does no damage.
The hell hound bites you but does no damage.
Drink which item? (? for menu, Esc to quit)
You feel refreshed.
It was a potion of restore abilities.
The lemure hits you but does no damage. The hellwing gestures at you.
Your spectral weapon is unaffected.
The hell hound breathes fire at you. The blast of flame hits you!
* * * LOW HITPOINT WARNING * * *
The lemure hits you but does no damage. The lemure hits you.
You die...

▒ ▒ ▒ ▒∙ ∙
∙▒ ∙ ∙∙ ▒
∙▒∙ ∙ ∙
▒▒∙▒▒▒∙▒ ∙∙
▒∙∙∙4∙∙▒▒▒ ∙
▒(@∙∙▒▒▒
∙∙∙▒
▒∙5h▒∙∙∙▒▒▒∙
∙▒▒
▒▒▒∙∙∙▒∙∙∙▒
∙∙∙▒ ▒∙∙∙▒▒
▒∙▒∙∙∙∙▒
▒∙∙▒∙▒ ▒ ▒
∙▒▒ ▒∙∙▒∙∙
▒▒∙ ▒ ▒∙
▒∙▒∙
∙▒∙▒∙∙▒▒ ▒▒
∙ ▒▒∙∙∙∙∙ ∙
∙∙▒▒ ∙∙∙∙▒∙▒
∙ ∙∙▒ ∙ ▒
∙∙∙▒ ▒∙ ∙
▒∙▒ ∙ ∙ ▒∙▒
∙


You could see a hellwing, a hell hound, a lemure and a friendly spectral
falchion.

Vanquished Creatures
  Pikel (D:4)
  A necrophage (D:3)
  A hound (D:4)
  A worker ant (D:4)
  2 orc priests (D:4)
  4 jellies (D:3)
  8 adders
  A gnoll (D:1)
  2 worms
  A giant eyeball (D:4)
  A giant gecko (D:1)
  An orc (D:3)
  6 giant cockroaches
  12 hobgoblins
  10 jackals
  6 kobolds
  An ooze (D:3)
  6 ball pythons (D:1)
  12 bats
  5 giant newts
  5 goblins
  A quokka skeleton (D:4)
  11 rats
  A rat skeleton (D:4)
100 creatures vanquished.

Vanquished Creatures (others)
  A slave (D:4)
  An orc wizard (D:4)
  A giant eyeball (D:4)
  3 orcs (D:4)
6 creatures vanquished.

Grand Total: 106 creatures vanquished

Notes
Turn   | Place    | Note
--------------------------------------------------------------
     0 | D:1      | Illaniel, the High Elf Skald, began the quest for the Orb.
     0 | D:1      | Reached XP level 1. HP: 13/13 MP: 4/4
    64 | D:1      | Reached skill level 1 in Armour
    94 | D:1      | Reached XP level 2. HP: 1/18 MP: 0/6
    99 | D:1      | Learned a level 2 spell: Shroud of Golubria
   641 | D:1      | Reached XP level 3. HP: 19/23 MP: 1/9
   657 | D:1      | Learned a level 3 spell: Spectral Weapon
  1383 | D:2      | Reached XP level 4. HP: 19/29 MP: 4/12
  1404 | D:2      | Learned a level 2 spell: Song of Slaying
  2654 | D:3      | Reached skill level 4 in Charms
  2741 | D:3      | Reached skill level 1 in Long Blades
  2874 | D:3      | Reached XP level 5. HP: 23/34 MP: 8/14
  3061 | D:3      | Found a viscous altar of Jiyva.
  3709 | D:3      | Noticed a necrophage
  3718 | D:3      | Killed a necrophage
  3718 | D:3      | Reached XP level 6. HP: 37/40 MP: 8/17
  3747 | D:4      | Noticed Pikel
  3750 | D:4      | Killed Pikel
  3750 | D:4      | Reached XP level 7. HP: 43/45 MP: 10/20
  4267 | D:4      | Noticed Sigmund
  4539 | D:4      | Cast into the Abyss (Sigmund)
  4560 | Abyss:1  | Found a corrupted altar of Lugonu.
  4617 | Abyss:1  | Noticed a hellwing
  4622 | Abyss:1  | Slain by a lemure

Action                   |  1- 3 |  4- 6 |  7- 9 || total
-------------------------+-------+-------+-------++-------
Melee: Short sword       |   145 |    80 |       ||   225
       Falchion          |       |    65 |    56 ||   121
 Fire: Sling             |       |    20 |       ||    20
 Cast: Infusion          |    20 |    19 |    12 ||    51
       Shroud of Golubri |    12 |    11 |     6 ||    29
       Spectral Weapon   |       |     7 |    10 ||    17
       Song of Slaying   |       |     4 |       ||     4
Evoke: Wand              |       |     4 |     1 ||     5
  Use: Scroll            |       |     4 |       ||     4
       Potion            |       |       |     3 ||     3
